 Dungeon Crawl Stone Soup version 0.21.1-1-g345015f (webtiles) character file.

40 shakethe the Skirmisher (level 3, 0/20 HPs)
             Began as a Vine Stalker Fighter on Feb 20, 2018.
             Succumbed to an adder's poison
             ... on level 1 of the Dungeon.
             The game lasted 00:02:30 (1163 turns).

shakethe the Skirmisher (Vine Stalker Fighter)      Turns: 1163, Time: 00:02:31

Health: 0/20       AC:  7    Str: 18    XL:     3   Next: 50%
Magic:  2/4        EV:  9    Int: 14    God:
Gold:   34         SH:  0    Dex: 13    Spells: 2/2 levels left

rFire    . . .     SeeInvis .     - Unarmed
rCold    . . .     Gourm    .   (no shield)
rNeg     . . .     Faith    +   a - +0 scale mail
rPois    .         Spirit   +   (no helmet)
rElec    .         Reflect  .   l - +0 cloak
rCorr    .         Harm     .   (no gloves)
MR       .....                  (no boots)
Stlth    ..........             e - amulet of faith {Faith, !P}
HPRegen  0.06/turn              (no ring)
MPRegen  0.09/turn              (no ring)

@: brilliant, lethally poisoned (0 -> -9), flying
A: fangs 2, magic shield, antimagic bite, no potion heal 3, rot immunity
a: no special abilities


You were on level 1 of the Dungeon.
You were hungry.

You visited 1 branch of the dungeon, and saw 2 of its levels.

You collected 34 gold pieces.

Inventory:

Armour
 a - a +0 scale mail (worn)
 b - a +0 shield
 l - a +0 cloak (worn)
   (You found it on level 1 of the Dungeon)
Jewellery
 e - an amulet of faith (around neck) {Faith, !P}
   (You found it on level 1 of the Dungeon)
Scrolls
 j - a scroll of remove curse
Potions
 c - a potion of might
 k - a potion of brilliance
Comestibles
 g - a ration


   Skills:
 + Level 3.2 Fighting
 + Level 2.8 Armour
 - Level 2.6 Shields
 + Level 2.7 Unarmed Combat


You had 2 spell levels left.
You didn't know any spells.

Dungeon Overview and Level Annotations

Branches:
Dungeon (2/15)

Altars:


Innate Abilities, Weirdness & Mutations

You have extremely sharp teeth.
When hurt, damage is shared between your health and your magic reserves.
Your bite disrupts and absorbs the magic of your enemies.
Potions cannot restore your health.
You are immune to rotting.


Message History

The bat hits you but does no damage. The rat bites you.
You take 1 damage, and have 19/20 hp.
You hit the rat.
You kill the rat!
The bat closely misses you.
You hit the kobold.
You kill the kobold!
The bat closely misses you.
You punch the bat!
You kill the bat!
There is a stone staircase leading up here.
Things that are here:
a short sword; a kobold corpse An adder comes into view.
The adder hisses angrily.
You hit the worm. You hit the worm. Your punch misses the worm.
You bite the worm. You drain its power. The worm bites you.
You take 1 damage, and have 18/20 hp.
You hit the worm but do no damage. Your bite misses the worm. You hit the worm.
The worm barely misses you. The adder barely misses you.
You hit the worm. The adder bites you.
You take 1 damage, and have 17/20 hp.
You hit the worm but do no damage. Your bite misses the worm.
The adder bites you.
You are poisoned.
The adder poisons you! The worm bites you but does no damage.
You take 2 damage, and have 15/20 hp.
You now have 3/4 mp.
You feel sick. The adder bites you but does no damage.
You take 1 damage, and have 14/20 hp.
You feel sick.
There is a stone staircase leading up here.
Things that are here:
a short sword; a kobold corpse You take 1 damage, and have 13/20 hp.
The adder bites you.
You climb upwards.
You feel sick.
There is a stone staircase leading down here.
You take 3 damage, and have 10/20 hp.
You now have 2/4 mp.
You are too injured to fight recklessly!
You are too injured to fight recklessly!
You are too injured to fight recklessly!
You are too injured to fight recklessly!
You are too injured to fight recklessly!
You are too injured to fight recklessly!
You are too injured to fight recklessly!
You are too injured to fight recklessly!
You are too injured to fight recklessly!
You are too injured to fight recklessly!
You are too injured to fight recklessly!
You are too injured to fight recklessly!
You are too injured to fight recklessly!
You hit the adder. Your bite misses the adder.
The adder bites you but does no damage.
You closely miss the adder. The adder barely misses you. x2
You closely miss the adder.
You feel sick. The adder barely misses you.
You take 1 damage, and have 9/20 hp.
You closely miss the adder. The adder barely misses you.
You closely miss the adder. You bite the adder, but do no damage.
The adder barely misses you.
You barely miss the adder. Your bite misses the adder.
You feel sick. The adder bites you.
You are lethally poisoned!
The adder poisons you! The adder bites you.
* * * LOW HITPOINT WARNING * * *
You are more poisoned.
The adder poisons you!
You take 3 damage, and have 6/20 hp.
You now have 1/4 mp.
You hit the adder.
You kill the adder!
* * * LOW HITPOINT WARNING * * *
You feel sick.
You take 1 damage, and have 5/20 hp.
* * * LOW HITPOINT WARNING * * *
You feel sick.
Unknown command.
You take 1 damage, and have 4/20 hp.
It was a potion of brilliance.
You feel clever all of a sudden.
* * * LOW HITPOINT WARNING * * *
You feel sick.
You take 1 damage, and have 3/20 hp.
It was a potion of flight.
You feel very buoyant.
You fly up into the air.
As you read the scroll labeled CEM ONOQAMOHO, it crumbles to dust.
You feel blessed for a moment.
It was a scroll of remove curse.
* * * LOW HITPOINT WARNING * * *
You feel sick.
You take 1 damage, and have 2/20 hp.
As you read the scroll labeled UKYFFIZAAS, it crumbles to dust.
You assume a fearsome visage.
Nothing appears to happen.
It was a scroll of fear.
* * * LOW HITPOINT WARNING * * *
You feel sick.
You take 1 damage, and have 1/20 hp.
As you read the scroll labeled ZADOZEFEOM, it crumbles to dust.
It is a scroll of identify.
You don't have any unidentified items.
You die...

#÷.# #########...
#...........
#.##.###...#
###...........
#######....#########
#.......####≈##..##
#.##..###.....###.##
#..@>###..≈≈........
####.#...≈≈≈≈.≈.≈≈≈≈
#.##≈≈≈≈≈...≈.≈≈≈
#.##.≈.≈..≈≈≈≈.≈≈
######.###...≈≈≈≈≈...≈
#.......###...≈≈≈..<.≈
#.####....##.≈≈≈≈≈.≈.≈
#.# ##..##...≈≈≈≈≈.≈≈
#.# ##..###.≈.≈≈≈≈.≈


There were no monsters in sight!

Vanquished Creatures
  An adder (D:1)
  An ooze (D:1)
  A dart slug (D:1)
  A leopard gecko (D:1)
  4 bats
  A giant cockroach (D:1)
  3 hobgoblins (D:1)
  2 kobolds
  A ball python (D:1)
  5 goblins (D:1)
  5 rats
25 creatures vanquished.

Notes
Turn   | Place    | Note
-------+----------+-------------------------------------------
     0 | D:1      | shakethe the Vine Stalker Fighter began the quest for the Orb.
     0 | D:1      | Reached XP level 1. HP: 11/11 MP: 2/2
   258 | D:1      | Reached XP level 2. HP: 6/16 MP: 3/3
   507 | D:1      | Reached skill level 3 in Fighting
   987 | D:1      | Reached XP level 3. HP: 20/20 MP: 4/4
  1157 | D:1      | HP: 5/20 [poisoned by an adder]
  1161 | D:1      | HP: 2/20 [poisoned by an adder]
  1163 | D:1      | Succumbed to an adder's poison

Skill      XL: |  1  2 |
---------------+-------+-----
Fighting       | 3 |  3.2
Armour         | |  2.8
Shields        | |  2.6
Unarmed Combat | |  2.7

Action                   || total
-------------------------++-------
Melee: Unarmed           ||    97
       Bite              ||    22
  Use: Scroll            ||     3
       Potion            ||     2
Armor: Scale mail        ||    55
Dodge: Dodged            ||    42

Vault maps used:
D:1:      dpeg_arrival_subterranean_lakeside_camping, minmay_tetromino_i2
D:2:      kennysheep_vampire_church, tso_metal_star, first_ration, uniq_terence

Table legend:
 A = Turns spent in this place as a percentage of turns spent in the entire game.
 B = Non-inter-level travel turns spent in this place as a percentage of non-inter-level travel turns spent in the entire game.
 C = Inter-level travel turns spent in this place as a percentage of turns spent in this place.
 D = Turns resting spent in this place as a percentage of non-inter-level travel turns spent in this place.
 E = Turns spent auto-exploring this place as a percentage of non-inter-level travel turns spent in this place.
 F = Non-inter-level travel turns spent in this place divided by the number of levels of this place that you've seen.
                   A       B       C       D       E      F
               +-------+-------+-------+-------+-------+----------------------
         Total | 100.0 | 100.0 |   3.4 |  38.4 |  39.5 | 562.0
       Dungeon | 100.0 | 100.0 |   3.4 |  38.4 |  39.5 | 562.0
               +-------+-------+-------+-------+-------+----------------------

Table legend:
 A = Kills in this place as a percentage of kills in entire the game.
 B = Kills by you in this place as a percentage of kills by you in the entire game.
 C = Kills by friends in this place as a percentage of kills by friends in the entire game.
 D = Other kills in this place as a percentage of other kills in the entire game.
 E = Experience gained in this place as a percentage of experience gained in the entire game.
 F = Experience gained in this place divided by the number of levels of this place that you have seen.
                   A       B       C       D       E      F
               +-------+-------+-------+-------+-------+----------------------
         Total | 100.0 | 100.0 |   N/A |   N/A | 100.0 |  29.0
       Dungeon | 100.0 | 100.0 |   N/A |   N/A | 100.0 |  29.0
               +-------+-------+-------+-------+-------+----------------------
